 Dungeon Crawl Stone Soup version 0.25-a0-419-g7650d0de75 (webtiles) character file.

Game seed: 3802502845487473310, levelgen mode: deterministic

3727 vurker the Zephyrmancer (level 10, -14/59 HPs)
             Began as a Tengu Air Elementalist on Jan 17, 2020.
             Was a Follower of Vehumet.
             Demolished by Gastronok (20 damage)
             ... on level 8 of the Dungeon.
             The game lasted 00:19:16 (10402 turns).

vurker the Zephyrmancer (Tengu Air Elementalist)   Turns: 10402, Time: 00:19:17

Health: -14/59     AC:  8    Str:  8    XL:     10   Next: 14%
Magic:  2/21       EV: 12    Int: 20    God:    Vehumet [*.....]
Gold:   11         SH:  0    Dex: 14    Spells: 13/23 levels left

rFire    . . .     SeeInvis .   g - +1 dagger
rCold    . . .     Gourm    .   (no shield)
rNeg     . . .     Faith    .   x - +2 robe
rPois    .         Spirit   .   (helmet restricted)
rElec    .         Reflect  .   l - +2 cloak
rCorr    .         Harm     .   (no gloves)
MR       .....                  (boots unavailable)
Stlth    ++........             f - amulet of magic regeneration
HPRegen  0.19/turn              d - +1 ring of protection
MPRegen  0.42/turn              A - ring of wizardry

@: slowed, very slow
A: beak, talons 3, able to fly
a: Fly, Renounce Religion


You were on level 8 of the Dungeon.
You worshipped Vehumet.
Vehumet was aware of your devotion.
You were hungry.

You visited 2 branches of the dungeon, and saw 9 of its levels.

You collected 478 gold pieces.
You spent 467 gold pieces at shops.

Inventory:

Hand Weapons
 g - a +1 dagger (weapon)
   (You took it off a kobold on level 1 of the Dungeon)
Armour
 l - a +2 cloak (worn)
   (You found it on level 1 of the Dungeon)
 x - a +2 robe (worn)
   (You bought it in a shop on level 4 of the Dungeon)
Jewellery
 d - a +1 ring of protection (left hand)
   (You found it on level 6 of the Dungeon)
 f - an amulet of magic regeneration (around neck)
   (You found it on level 6 of the Dungeon)
 A - a ring of wizardry (right hand)
   (You found it on level 7 of the Dungeon)
Wands
 s - a wand of scattershot (3)
   (You found it on level 3 of the Dungeon)
 v - a wand of digging (5)
   (You found it on level 6 of the Dungeon)
Scrolls
 c - 3 scrolls of amnesia
 i - 3 scrolls of identify
 j - 2 scrolls of fog
 n - 6 scrolls of remove curse
 o - 2 scrolls of enchant weapon
 p - a scroll of enchant armour
 y - 3 scrolls of teleportation
Potions
 b - a potion of haste
 h - 9 potions of curing
 k - a potion of magic
 m - a potion of ambrosia
 q - a potion of brilliance
 r - a potion of mutation
 t - a potion of lignification
 u - a potion of heal wounds
 w - a potion of agility {unknown}
 z - a potion of resistance
Comestibles
 e - 19 rations


   Skills:
 + Level 5.3 Fighting
 - Level 2.1 Dodging
 - Level 2.0 Stealth
 * Level 7.2 Spellcasting
 * Level 9.9 Conjurations
 * Level 10.6 Air Magic


You had 13 spell levels left.
You knew the following spells:

 Your Spells              Type           Power        Failure   Level  Hunger
a - Shock                 Conj/Air       ####         1%          1    None
b - Lightning Bolt        Conj/Air       #####.....   1%          5    #####..
c - Airstrike             Air            #####.....   1%          4    ###....

Your spell library contained the following spells:

 Spells                   Type           Power        Failure   Level  Hunger
 Sandblast                Erth           #.....       4%          1    None
 Swiftness                Chrm/Air       ####....     1%          2    None
 Static Discharge         Conj/Air       #####...     1%          3    #......


Dungeon Overview and Level Annotations

Branches:
Dungeon (8/15)             Temple (1/1) D:5
   Lair: D:8-11

Altars:
Ashenzari
Dithmenos
Elyvilon
Fedhas
Gozag
Hepliaklqana
Kikubaaqudgha
Makhleb
Nemelex Xobeh
Okawaru
Qazlal
Ru
Sif Muna
Trog
Uskayaw
Vehumet
Wu Jian
Xom
Yredelemnul
Zin
The Shining One

Shops:
D:4 *[}   D:8 :[!

Annotations:
D:8 Gastronok


Innate Abilities, Weirdness & Mutations

You have a beak for a mouth.
You have claws for feet.
You can fly continuously.


Message History

You butcher the gnoll corpse.
a - 4 chunks of flesh
Things that are here:
a +0 flail; a gnoll skeleton
There is a stone staircase leading down here.
You start resting.
You start resting.
Eating one of 4 chunks of flesh.
You eat one of the 4 chunks of flesh.
You feel yourself speed up.
You climb downwards.
Level annotation: Gastronok
There is a stone staircase leading up, spattered with blood here.
Aim: Gastronok, wearing a +1 hat of magic resistance The air twists around and strikes Gastronok!
Aim: Gastronok, wearing a +1 hat of magic resistance (lightly wounded)
The air twists around and strikes Gastronok!
Gastronok looks at you and mumbles some strange words.
You feel yourself slow down.
Aim: Gastronok, wearing a +1 hat of magic resistance (lightly wounded)
The air twists around and strikes Gastronok!
Aim: Gastronok, wearing a +1 hat of magic resistance (moderately wounded)
The air twists around and strikes Gastronok!!
Aim: Gastronok, wearing a +1 hat of magic resistance (moderately wounded)
The air twists around and strikes Gastronok!
You are feeling hungry.
Aim: Gastronok, wearing a +1 hat of magic resistance (heavily wounded)
The air twists around and strikes Gastronok!
Gastronok casts a spell.
Gastronok puts on a burst of speed!
You don't have enough magic to cast that spell.
You hit Gastronok but do no damage. You claw Gastronok, but do no damage.
Gastronok closely misses you.
You hit Gastronok. You claw Gastronok. You peck Gastronok. You hit Gastronok.
You claw Gastronok. You peck Gastronok. Gastronok bites you but does no damage.
You hit Gastronok but do no damage. Gastronok bites you!
You hit Gastronok. You claw Gastronok! Gastronok bites you!
All of the chunks of flesh in your inventory have rotted away.
You hit Gastronok but do no damage. Your kick misses Gastronok.
You hit Gastronok but do no damage. You claw Gastronok.
Gastronok barely misses you.
You hit Gastronok. You claw Gastronok, but do no damage.
Gastronok makes a strange noise.
Gastronok waves his eye-stalks in wide circles.
The air twists around and strikes you!!
* * * LOW HITPOINT WARNING * * *
Aim: Gastronok, wearing a +1 hat of magic resistance (severely wounded, covering ground quickly)
The air twists around and strikes Gastronok!
Gastronok bites you!!
You die...

###..............##
#..##.##......## #.#
#.######### #.
##.####### #
#?.......#
#........#
#........#
#.∩......#
#....w@..#
####........# ...#
#...........# ...#
#.##........#
...#####.##........#
#...##...###########
.......########
..............#
....####.####.#


You could see Gastronok.

Vanquished Creatures
  Psyche (D:8)
  Grinder (D:5)
  4 hogs (D:7)
  A human (D:7)
  A hungry ghost (D:8)
  A water moccasin (D:5)
  5 ice beasts
  A sky beast (D:6)
  Purgy (D:3)
  2 centaurs
  4 ogres
  A scorpion (D:5)
  5 killer bees (D:8)
  A howler monkey (D:5)
  3 crimson imps
  4 hounds
  A centaur skeleton (D:7)
  An orc priest (D:5)
  4 orc wizards
  6 worker ants
  10 adders
  8 gnolls
  3 shadow imps
  4 oozes
  An adder skeleton (D:5)
  2 worms
  4 leopard geckos
  23 orcs
  2 ball pythons
  11 giant cockroaches
  15 goblins
  12 hobgoblins
  13 jackals
  6 kobolds
  5 quokkas
  A ball python skeleton (D:4)
  12 bats
  3 frilled lizards
  A giant cockroach zombie (D:6)
  A leopard gecko skeleton (D:4)
  A quokka skeleton (D:4)
  9 rats
195 creatures vanquished.

Notes
Turn   | Place    | Note
-------+----------+-------------------------------------------
     0 | D:1      | vurker the Tengu Air Elementalist began the quest for the
                  | Orb.
     0 | D:1      | Reached XP level 1. HP: 10/10 MP: 4/4
   264 | D:1      | Reached XP level 2. HP: 15/15 MP: 4/6
  1250 | D:2      | Reached XP level 3. HP: 20/20 MP: 5/7
  1890 | D:2      | Reached skill level 1 in Fighting
  2227 | D:2      | Reached XP level 4. HP: 20/25 MP: 2/9
  3143 | D:3      | Found an iron altar of Okawaru.
  3143 | D:3      | Found a hazy altar of Hepliaklqana.
  3191 | D:3      | Reached skill level 5 in Air Magic
  3384 | D:3      | Noticed Purgy
  3446 | D:3      | Gained mutation: You can fly continuously. [Tengu growth]
  3446 | D:3      | Reached XP level 5. HP: 29/29 MP: 7/10
  3457 | D:3      | Learned a level 5 spell: Lightning Bolt
  3462 | D:3      | Learned a level 4 spell: Airstrike
  3780 | D:3      | Killed Purgy
  3780 | D:3      | Reached XP level 6. HP: 15/35 MP: 0/12
  4236 | D:4      | Found Qeyxtu's Armour Emporium.
  4576 | D:4      | Reached skill level 6 in Air Magic
  4807 | D:4      | Found a bloodstained altar of Trog.
  5071 | D:4      | Reached XP level 7. HP: 40/40 MP: 4/13
  5257 | D:4      | Found Liecw's Gadget Boutique.
  5332 | D:4      | Found Mialeu's Assorted Antiques.
  5335 | D:4      | Bought a scroll labeled VAKKAS YSIDEE for 25 gold pieces
  5335 | D:4      | Bought a scroll labeled KOBARU FUTEFO for 25 gold pieces
  5335 | D:4      | Bought a scroll labeled QYASUZIUHU for 25 gold pieces
  5335 | D:4      | Bought a runed robe for 92 gold pieces
  5571 | D:5      | Entered Level 5 of the Dungeon
  5571 | D:5      | Noticed Grinder
  5573 | D:5      | Reached skill level 5 in Conjurations
  5990 | D:5      | Found a basalt altar of Yredelemnul.
  6015 | D:5      | Killed Grinder
  6015 | D:5      | Reached skill level 7 in Air Magic
  6255 | D:5      | Found a staircase to the Ecumenical Temple.
  6262 | Temple   | Entered the Ecumenical Temple
  6465 | D:5      | Reached XP level 8. HP: 27/46 MP: 10/16
  6991 | D:5      | Reached skill level 5 in Spellcasting
  7037 | D:5      | Reached skill level 8 in Air Magic
  7191 | D:5      | Found a shimmering blue altar of Sif Muna.
  7958 | D:6      | Found a radiant altar of Vehumet.
  7971 | D:6      | Became a worshipper of Vehumet
  8510 | D:7      | Reached XP level 9. HP: 52/52 MP: 15/18
  8619 | D:7      | Reached skill level 9 in Air Magic
  9129 | D:7      | Reached * piety under Vehumet
  9129 | D:7      | Offered knowledge of Sandblast by Vehumet.
  9196 | D:7      | Found an ornate altar of the Wu Jian Council.
  9233 | D:8      | Found Qocwulur's Book Shoppe.
  9304 | D:8      | Found a radiant altar of Vehumet.
  9313 | D:8      | Reached skill level 10 in Air Magic
  9405 | D:8      | Reached skill level 5 in Fighting
  9435 | D:8      | Noticed a centaur warrior
  9475 | D:8      | Noticed Psyche
  9478 | D:8      | Killed Psyche
  9478 | D:8      | Reached XP level 10. HP: 59/59 MP: 9/21
  9563 | D:8      | Found Dopycir's Distillery.
  9571 | D:8      | Found Loodo's Armour Emporium.
  9693 | D:4      | Bought a twisted runed staff for 300 gold pieces
  9785 | D:8      | Noticed Gastronok
 10402 | D:8      | Demolished by Gastronok

Levels and vault maps discovered:
D:1:      dpeg_arrival_refuge, layout_basic
D:2:      cheibrodos_greedy_goblins, layout_basic, first_ration
D:3:      layout_rooms, chequers_temple_overflow_statue_of_worship, uniq_purgy
D:4:      layout_basic, kennysheep_mini, serial_shops,
          nicolae_shop_window_shopping, kennysheep_mini_moat,
          nicolae_shop_crystal, st_stairs_14, minmay_distorted
D:5:      layout_cave_pools, minmay_temple_entry_trees, basic_altar,
          minmay_liquid_box, lemuel_blue_sif_altar, uniq_grinder
D:6:      layout_basic, basic_altar
D:7:      layout_loops_ring, kennysheep_little_box, grunt_livestock
D:8:      minmay_the_grid_octo_triangle [minmay_the_grid_octo_odd_swirl,
          minmay_the_grid_octo_prize_square_snowflake,
          minmay_the_grid_octo_toaster], layout_rooms, old_standard_altar,
          serial_shops, shop, nicolae_shop_crystal, nicolae_shop_statue_plus,
          shop, shop, minmay_misc_feat_plants, minivault_1, uniq_psyche,
          uniq_gastronok
Temple:   eino_temple_rhombus

Skill      XL: |  1  2  3  4  5  6  7  8  9 |
---------------+----------------------------+-----
Conjurations   | 2 3 4 6 7 9 |  9.9
Fighting       | 1 2 3 4 5 |  5.3
Air Magic      | 5 6 7 8 10 | 10.6
Spellcasting   | 3 4 5 7 |  7.2
Dodging        | |  2.1
Stealth        | |  2.0

Action                   |  1- 3 |  4- 6 |  7- 9 | 10-12 || total
-------------------------+-------+-------+-------+-------++-------
Melee: Dagger            |    35 |    35 |     9 |    11 ||    90
       Kick              |     3 |     1 |     4 |     8 ||    16
       Peck              |     2 |     6 |       |     3 ||    11
 Cast: Shock             |    73 |   142 |   174 |    14 ||   403
       Airstrike         |       |     1 |    49 |    30 ||    80
       Lightning Bolt    |       |       |     3 |       ||     3
 Abil: Fly               |       |     1 |       |       ||     1
       Stop Flying       |       |       |       |     1 ||     1
Evoke: Wand              |       |       |     2 |     1 ||     3
  Use: Scroll            |       |       |    19 |     1 ||    20
 Stab: Sleeping          |     1 |       |       |       ||     1
  Eat: Chunk             |    10 |     9 |    12 |     2 ||    33
       Ration            |     1 |       |       |     1 ||     2
Armor: Robe              |    11 |    20 |     6 |     7 ||    44
Dodge: Dodged            |    24 |    61 |    23 |    26 ||   134

Table legend:
 A = Non-vault XP
 B = Vault XP
 C = Vault XP percentage of total XP
 D = Non-vault monster count
 E = Vault monster count
 F = Vault count percentage of total count
                 A         B        C        D         E       F
            +---------+---------+-------+---------+---------+-------
      Total |    3348 |    1977 |  37.1 |     171 |      24 |  12.3
            +---------+---------+-------+---------+---------+-------
        D:1 |      33 |       0 |   0.0 |      20 |       0 |   0.0
        D:2 |      46 |      24 |  34.3 |      20 |      13 |  39.4
        D:3 |      91 |     130 |  58.8 |      28 |       1 |   3.4
        D:4 |     330 |      41 |  11.1 |      28 |       2 |   6.7
        D:5 |     711 |     267 |  27.3 |      27 |       1 |   3.6
        D:6 |     609 |       0 |   0.0 |      14 |       0 |   0.0
        D:7 |     432 |     964 |  69.1 |      16 |       5 |  23.8
        D:8 |    1096 |     551 |  33.5 |      18 |       2 |  10.0
            +---------+---------+-------+---------+---------+-------
